%YAML 1.1
%TAG !u! tag:unity3d.com,2011:
--- !u!1 &4056181160303392246
GameObject:
  m_ObjectHideFlags: 0
  m_CorrespondingSourceObject: {fileID: 0}
  m_PrefabInstance: {fileID: 0}
  m_PrefabAsset: {fileID: 0}
  serializedVersion: 6
  m_Component:
  - component: {fileID: 128974443477589701}
  - component: {fileID: 6606318661181978900}
  - component: {fileID: 4683735067066000662}
  m_Layer: 0
  m_Name: Capsule model
  m_TagString: Untagged
  m_Icon: {fileID: 0}
  m_NavMeshLayer: 0
  m_StaticEditorFlags: 0
  m_IsActive: 0
--- !u!4 &128974443477589701
Transform:
  m_ObjectHideFlags: 0
  m_CorrespondingSourceObject: {fileID: 0}
  m_PrefabInstance: {fileID: 0}
  m_PrefabAsset: {fileID: 0}
  m_GameObject: {fileID: 4056181160303392246}
  serializedVersion: 2
  m_LocalRotation: {x: -0, y: -0, z: -0, w: 1}
  m_LocalPosition: {x: 0, y: 1, z: 0}
  m_LocalScale: {x: 1, y: 1, z: 1}
  m_ConstrainProportionsScale: 0
  m_Children: []
  m_Father: {fileID: 9129952297296877290}
  m_LocalEulerAnglesHint: {x: 0, y: 0, z: 0}
--- !u!33 &6606318661181978900
MeshFilter:
  m_ObjectHideFlags: 0
  m_CorrespondingSourceObject: {fileID: 0}
  m_PrefabInstance: {fileID: 0}
  m_PrefabAsset: {fileID: 0}
  m_GameObject: {fileID: 4056181160303392246}
  m_Mesh: {fileID: 10208, guid: 0000000000000000e000000000000000, type: 0}
--- !u!23 &4683735067066000662
MeshRenderer:
  m_ObjectHideFlags: 0
  m_CorrespondingSourceObject: {fileID: 0}
  m_PrefabInstance: {fileID: 0}
  m_PrefabAsset: {fileID: 0}
  m_GameObject: {fileID: 4056181160303392246}
  m_Enabled: 1
  m_CastShadows: 1
  m_ReceiveShadows: 1
  m_DynamicOccludee: 1
  m_StaticShadowCaster: 0
  m_MotionVectors: 1
  m_LightProbeUsage: 1
  m_ReflectionProbeUsage: 1
  m_RayTracingMode: 2
  m_RayTraceProcedural: 0
  m_RenderingLayerMask: 1
  m_RendererPriority: 0
  m_Materials:
  - {fileID: 2100000, guid: 31321ba15b8f8eb4c954353edc038b1d, type: 2}
  m_StaticBatchInfo:
    firstSubMesh: 0
    subMeshCount: 0
  m_StaticBatchRoot: {fileID: 0}
  m_ProbeAnchor: {fileID: 0}
  m_LightProbeVolumeOverride: {fileID: 0}
  m_ScaleInLightmap: 1
  m_ReceiveGI: 1
  m_PreserveUVs: 0
  m_IgnoreNormalsForChartDetection: 0
  m_ImportantGI: 0
  m_StitchLightmapSeams: 1
  m_SelectedEditorRenderState: 3
  m_MinimumChartSize: 4
  m_AutoUVMaxDistance: 0.5
  m_AutoUVMaxAngle: 89
  m_LightmapParameters: {fileID: 0}
  m_SortingLayerID: 0
  m_SortingLayer: 0
  m_SortingOrder: 0
  m_AdditionalVertexStreams: {fileID: 0}
--- !u!1 &5440367298947555643
GameObject:
  m_ObjectHideFlags: 0
  m_CorrespondingSourceObject: {fileID: 0}
  m_PrefabInstance: {fileID: 0}
  m_PrefabAsset: {fileID: 0}
  serializedVersion: 6
  m_Component:
  - component: {fileID: 8486379651725239476}
  - component: {fileID: 5903505545100224124}
  - component: {fileID: 7226852587303892560}
  m_Layer: 0
  m_Name: Collision
  m_TagString: Untagged
  m_Icon: {fileID: 0}
  m_NavMeshLayer: 0
  m_StaticEditorFlags: 0
  m_IsActive: 1
--- !u!4 &8486379651725239476
Transform:
  m_ObjectHideFlags: 0
  m_CorrespondingSourceObject: {fileID: 0}
  m_PrefabInstance: {fileID: 0}
  m_PrefabAsset: {fileID: 0}
  m_GameObject: {fileID: 5440367298947555643}
  serializedVersion: 2
  m_LocalRotation: {x: -0, y: -0, z: -0, w: 1}
  m_LocalPosition: {x: 0, y: 1, z: 0}
  m_LocalScale: {x: 1, y: 1, z: 1}
  m_ConstrainProportionsScale: 0
  m_Children: []
  m_Father: {fileID: 9129952297296877290}
  m_LocalEulerAnglesHint: {x: 0, y: 0, z: 0}
--- !u!33 &5903505545100224124
MeshFilter:
  m_ObjectHideFlags: 0
  m_CorrespondingSourceObject: {fileID: 0}
  m_PrefabInstance: {fileID: 0}
  m_PrefabAsset: {fileID: 0}
  m_GameObject: {fileID: 5440367298947555643}
  m_Mesh: {fileID: 10208, guid: 0000000000000000e000000000000000, type: 0}
--- !u!136 &7226852587303892560
CapsuleCollider:
  m_ObjectHideFlags: 0
  m_CorrespondingSourceObject: {fileID: 0}
  m_PrefabInstance: {fileID: 0}
  m_PrefabAsset: {fileID: 0}
  m_GameObject: {fileID: 5440367298947555643}
  m_Material: {fileID: 0}
  m_IncludeLayers:
    serializedVersion: 2
    m_Bits: 0
  m_ExcludeLayers:
    serializedVersion: 2
    m_Bits: 0
  m_LayerOverridePriority: 0
  m_IsTrigger: 0
  m_ProvidesContacts: 0
  m_Enabled: 1
  serializedVersion: 2
  m_Radius: 0.5
  m_Height: 2
  m_Direction: 1
  m_Center: {x: 0, y: 0, z: 0}
--- !u!1 &7631979552548270563
GameObject:
  m_ObjectHideFlags: 0
  m_CorrespondingSourceObject: {fileID: 0}
  m_PrefabInstance: {fileID: 0}
  m_PrefabAsset: {fileID: 0}
  serializedVersion: 6
  m_Component:
  - component: {fileID: 9129952297296877290}
  - component: {fileID: 3742730399800847389}
  - component: {fileID: 6016839952915103404}
  - component: {fileID: 1996948247771481333}
  - component: {fileID: 1930757412642759612}
  m_Layer: 0
  m_Name: NPC Citizen
  m_TagString: Untagged
  m_Icon: {fileID: 0}
  m_NavMeshLayer: 0
  m_StaticEditorFlags: 0
  m_IsActive: 1
--- !u!4 &9129952297296877290
Transform:
  m_ObjectHideFlags: 0
  m_CorrespondingSourceObject: {fileID: 0}
  m_PrefabInstance: {fileID: 0}
  m_PrefabAsset: {fileID: 0}
  m_GameObject: {fileID: 7631979552548270563}
  serializedVersion: 2
  m_LocalRotation: {x: 0, y: 0, z: 0, w: 1}
  m_LocalPosition: {x: 0, y: 0, z: 0}
  m_LocalScale: {x: 1, y: 1, z: 1}
  m_ConstrainProportionsScale: 0
  m_Children:
  - {fileID: 8486379651725239476}
  - {fileID: 128974443477589701}
  - {fileID: 4538095463005088513}
  m_Father: {fileID: 0}
  m_LocalEulerAnglesHint: {x: 0, y: 0, z: 0}
--- !u!195 &3742730399800847389
NavMeshAgent:
  m_ObjectHideFlags: 0
  m_CorrespondingSourceObject: {fileID: 0}
  m_PrefabInstance: {fileID: 0}
  m_PrefabAsset: {fileID: 0}
  m_GameObject: {fileID: 7631979552548270563}
  m_Enabled: 1
  m_AgentTypeID: 0
  m_Radius: 0.5
  m_Speed: 2
  m_Acceleration: 8
  avoidancePriority: 50
  m_AngularSpeed: 120
  m_StoppingDistance: 0
  m_AutoTraverseOffMeshLink: 1
  m_AutoBraking: 1
  m_AutoRepath: 1
  m_Height: 2
  m_BaseOffset: 0
  m_WalkableMask: 4294967295
  m_ObstacleAvoidanceType: 4
--- !u!114 &6016839952915103404
MonoBehaviour:
  m_ObjectHideFlags: 0
  m_CorrespondingSourceObject: {fileID: 0}
  m_PrefabInstance: {fileID: 0}
  m_PrefabAsset: {fileID: 0}
  m_GameObject: {fileID: 7631979552548270563}
  m_Enabled: 1
  m_EditorHideFlags: 0
  m_Script: {fileID: 11500000, guid: 347b7f07e7189944585652fbbabf5f0e, type: 3}
  m_Name: 
  m_EditorClassIdentifier: 
  models:
  - {fileID: 4538095463005316211}
  - {fileID: 4538095463005280843}
  - {fileID: 4538095463005311345}
  - {fileID: 4538095463005268753}
  - {fileID: 4538095463005321591}
  - {fileID: 4538095463005375955}
  - {fileID: 4538095463005319153}
  - {fileID: 4538095463005338323}
  - {fileID: 4538095463005348577}
  materials:
  - {fileID: 2100000, guid: 62e25ef75a2216f418d06453c9ad15cb, type: 2}
  - {fileID: 2100000, guid: a8e32d2cd442e564aa46c99f0ae7c0c8, type: 2}
  - {fileID: 2100000, guid: c01b7c8cb1175b54aab24b670c2d58dd, type: 2}
  - {fileID: 2100000, guid: 49ef76ea47782eb4b93ac08b234fd6c3, type: 2}
  - {fileID: 2100000, guid: ee26ded8aeae32044836748251f93891, type: 2}
  - {fileID: 2100000, guid: f145fd98abc7a354f83c3a2e8df80a75, type: 2}
  - {fileID: 2100000, guid: 97942cb5527e6f24eb8b8f5c86f8744d, type: 2}
  - {fileID: 2100000, guid: ae4870cba172f524491e4431ce936a9d, type: 2}
  - {fileID: 2100000, guid: ac4517348fefb604bbf10afeb378a491, type: 2}
  - {fileID: 2100000, guid: ee5d59fcc8497a641905c26644c20880, type: 2}
  - {fileID: 2100000, guid: 912f300affe60c543ac3ac40ef980902, type: 2}
  - {fileID: 2100000, guid: bb694a94be4a3c64ca9ef44c62415782, type: 2}
--- !u!114 &1996948247771481333
MonoBehaviour:
  m_ObjectHideFlags: 0
  m_CorrespondingSourceObject: {fileID: 0}
  m_PrefabInstance: {fileID: 0}
  m_PrefabAsset: {fileID: 0}
  m_GameObject: {fileID: 7631979552548270563}
  m_Enabled: 1
  m_EditorHideFlags: 0
  m_Script: {fileID: 11500000, guid: 2bbdafb25dca5d944bdd7b677e41c8e1, type: 3}
  m_Name: 
  m_EditorClassIdentifier: 
  ArivalDistance: 2.5
  _state: 0
  CreateAnimationOverrideOnAwake: 0
--- !u!54 &1930757412642759612
Rigidbody:
  m_ObjectHideFlags: 0
  m_CorrespondingSourceObject: {fileID: 0}
  m_PrefabInstance: {fileID: 0}
  m_PrefabAsset: {fileID: 0}
  m_GameObject: {fileID: 7631979552548270563}
  serializedVersion: 4
  m_Mass: 1
  m_Drag: 0
  m_AngularDrag: 0.05
  m_CenterOfMass: {x: 0, y: 0, z: 0}
  m_InertiaTensor: {x: 1, y: 1, z: 1}
  m_InertiaRotation: {x: 0, y: 0, z: 0, w: 1}
  m_IncludeLayers:
    serializedVersion: 2
    m_Bits: 0
  m_ExcludeLayers:
    serializedVersion: 2
    m_Bits: 0
  m_ImplicitCom: 1
  m_ImplicitTensor: 1
  m_UseGravity: 0
  m_IsKinematic: 1
  m_Interpolate: 0
  m_Constraints: 0
  m_CollisionDetection: 0
--- !u!1001 &4538095463005179293
PrefabInstance:
  m_ObjectHideFlags: 0
  serializedVersion: 2
  m_Modification:
    serializedVersion: 3
    m_TransformParent: {fileID: 9129952297296877290}
    m_Modifications:
    - target: {fileID: 153506, guid: 5e488cfd825ce044395037d93a9d8eb6, type: 3}
      propertyPath: m_Name
      value: Character_BusinessMan_Shirt_01
      objectReference: {fileID: 0}
    - target: {fileID: 435868, guid: 5e488cfd825ce044395037d93a9d8eb6, type: 3}
      propertyPath: m_LocalPosition.x
      value: 0
      objectReference: {fileID: 0}
    - target: {fileID: 435868, guid: 5e488cfd825ce044395037d93a9d8eb6, type: 3}
      propertyPath: m_LocalPosition.y
      value: 0
      objectReference: {fileID: 0}
    - target: {fileID: 435868, guid: 5e488cfd825ce044395037d93a9d8eb6, type: 3}
      propertyPath: m_LocalPosition.z
      value: 0
      objectReference: {fileID: 0}
    - target: {fileID: 435868, guid: 5e488cfd825ce044395037d93a9d8eb6, type: 3}
      propertyPath: m_LocalRotation.w
      value: 1
      objectReference: {fileID: 0}
    - target: {fileID: 435868, guid: 5e488cfd825ce044395037d93a9d8eb6, type: 3}
      propertyPath: m_LocalRotation.x
      value: 0
      objectReference: {fileID: 0}
    - target: {fileID: 435868, guid: 5e488cfd825ce044395037d93a9d8eb6, type: 3}
      propertyPath: m_LocalRotation.y
      value: 0
      objectReference: {fileID: 0}
    - target: {fileID: 435868, guid: 5e488cfd825ce044395037d93a9d8eb6, type: 3}
      propertyPath: m_LocalRotation.z
      value: 0
      objectReference: {fileID: 0}
    - target: {fileID: 435868, guid: 5e488cfd825ce044395037d93a9d8eb6, type: 3}
      propertyPath: m_LocalEulerAnglesHint.x
      value: 0
      objectReference: {fileID: 0}
    - target: {fileID: 435868, guid: 5e488cfd825ce044395037d93a9d8eb6, type: 3}
      propertyPath: m_LocalEulerAnglesHint.y
      value: 0
      objectReference: {fileID: 0}
    - target: {fileID: 435868, guid: 5e488cfd825ce044395037d93a9d8eb6, type: 3}
      propertyPath: m_LocalEulerAnglesHint.z
      value: 0
      objectReference: {fileID: 0}
    - target: {fileID: 9509074, guid: 5e488cfd825ce044395037d93a9d8eb6, type: 3}
      propertyPath: m_Controller
      value: 
      objectReference: {fileID: 9100000, guid: 5b5edab835811e04ca1bb9574e9f640a, type: 2}
    m_RemovedComponents: []
    m_RemovedGameObjects: []
    m_AddedGameObjects: []
    m_AddedComponents:
    - targetCorrespondingSourceObject: {fileID: 153506, guid: 5e488cfd825ce044395037d93a9d8eb6, type: 3}
      insertIndex: -1
      addedObject: {fileID: 1552198669167923293}
    - targetCorrespondingSourceObject: {fileID: 153506, guid: 5e488cfd825ce044395037d93a9d8eb6, type: 3}
      insertIndex: -1
      addedObject: {fileID: 1326254442856056174}
  m_SourcePrefab: {fileID: 100100000, guid: 5e488cfd825ce044395037d93a9d8eb6, type: 3}
--- !u!4 &4538095463005088513 stripped
Transform:
  m_CorrespondingSourceObject: {fileID: 435868, guid: 5e488cfd825ce044395037d93a9d8eb6, type: 3}
  m_PrefabInstance: {fileID: 4538095463005179293}
  m_PrefabAsset: {fileID: 0}
--- !u!1 &4538095463005268753 stripped
GameObject:
  m_CorrespondingSourceObject: {fileID: 124556, guid: 5e488cfd825ce044395037d93a9d8eb6, type: 3}
  m_PrefabInstance: {fileID: 4538095463005179293}
  m_PrefabAsset: {fileID: 0}
--- !u!1 &4538095463005280843 stripped
GameObject:
  m_CorrespondingSourceObject: {fileID: 104406, guid: 5e488cfd825ce044395037d93a9d8eb6, type: 3}
  m_PrefabInstance: {fileID: 4538095463005179293}
  m_PrefabAsset: {fileID: 0}
--- !u!1 &4538095463005297215 stripped
GameObject:
  m_CorrespondingSourceObject: {fileID: 153506, guid: 5e488cfd825ce044395037d93a9d8eb6, type: 3}
  m_PrefabInstance: {fileID: 4538095463005179293}
  m_PrefabAsset: {fileID: 0}
--- !u!82 &1552198669167923293
AudioSource:
  m_ObjectHideFlags: 0
  m_CorrespondingSourceObject: {fileID: 0}
  m_PrefabInstance: {fileID: 0}
  m_PrefabAsset: {fileID: 0}
  m_GameObject: {fileID: 4538095463005297215}
  m_Enabled: 1
  serializedVersion: 4
  OutputAudioMixerGroup: {fileID: 0}
  m_audioClip: {fileID: 0}
  m_PlayOnAwake: 0
  m_Volume: 1
  m_Pitch: 1
  Loop: 0
  Mute: 0
  Spatialize: 0
  SpatializePostEffects: 0
  Priority: 128
  DopplerLevel: 1
  MinDistance: 1
  MaxDistance: 500
  Pan2D: 0
  rolloffMode: 0
  BypassEffects: 0
  BypassListenerEffects: 0
  BypassReverbZones: 0
  rolloffCustomCurve:
    serializedVersion: 2
    m_Curve:
    - serializedVersion: 3
      time: 0
      value: 1
      inSlope: 0
      outSlope: 0
      tangentMode: 0
      weightedMode: 0
      inWeight: 0.33333334
      outWeight: 0.33333334
    - serializedVersion: 3
      time: 1
      value: 0
      inSlope: 0
      outSlope: 0
      tangentMode: 0
      weightedMode: 0
      inWeight: 0.33333334
      outWeight: 0.33333334
    m_PreInfinity: 2
    m_PostInfinity: 2
    m_RotationOrder: 4
  panLevelCustomCurve:
    serializedVersion: 2
    m_Curve:
    - serializedVersion: 3
      time: 0
      value: 0
      inSlope: 0
      outSlope: 0
      tangentMode: 0
      weightedMode: 0
      inWeight: 0.33333334
      outWeight: 0.33333334
    m_PreInfinity: 2
    m_PostInfinity: 2
    m_RotationOrder: 4
  spreadCustomCurve:
    serializedVersion: 2
    m_Curve:
    - serializedVersion: 3
      time: 0
      value: 0
      inSlope: 0
      outSlope: 0
      tangentMode: 0
      weightedMode: 0
      inWeight: 0.33333334
      outWeight: 0.33333334
    m_PreInfinity: 2
    m_PostInfinity: 2
    m_RotationOrder: 4
  reverbZoneMixCustomCurve:
    serializedVersion: 2
    m_Curve:
    - serializedVersion: 3
      time: 0
      value: 1
      inSlope: 0
      outSlope: 0
      tangentMode: 0
      weightedMode: 0
      inWeight: 0.33333334
      outWeight: 0.33333334
    m_PreInfinity: 2
    m_PostInfinity: 2
    m_RotationOrder: 4
--- !u!114 &1326254442856056174
MonoBehaviour:
  m_ObjectHideFlags: 0
  m_CorrespondingSourceObject: {fileID: 0}
  m_PrefabInstance: {fileID: 0}
  m_PrefabAsset: {fileID: 0}
  m_GameObject: {fileID: 4538095463005297215}
  m_Enabled: 1
  m_EditorHideFlags: 0
  m_Script: {fileID: 11500000, guid: 9d347bcef460c6f4094d1676d4e59118, type: 3}
  m_Name: 
  m_EditorClassIdentifier: 
  clipVariants: []
--- !u!1 &4538095463005311345 stripped
GameObject:
  m_CorrespondingSourceObject: {fileID: 138476, guid: 5e488cfd825ce044395037d93a9d8eb6, type: 3}
  m_PrefabInstance: {fileID: 4538095463005179293}
  m_PrefabAsset: {fileID: 0}
--- !u!1 &4538095463005316211 stripped
GameObject:
  m_CorrespondingSourceObject: {fileID: 141806, guid: 5e488cfd825ce044395037d93a9d8eb6, type: 3}
  m_PrefabInstance: {fileID: 4538095463005179293}
  m_PrefabAsset: {fileID: 0}
--- !u!1 &4538095463005319153 stripped
GameObject:
  m_CorrespondingSourceObject: {fileID: 139884, guid: 5e488cfd825ce044395037d93a9d8eb6, type: 3}
  m_PrefabInstance: {fileID: 4538095463005179293}
  m_PrefabAsset: {fileID: 0}
--- !u!1 &4538095463005321591 stripped
GameObject:
  m_CorrespondingSourceObject: {fileID: 144618, guid: 5e488cfd825ce044395037d93a9d8eb6, type: 3}
  m_PrefabInstance: {fileID: 4538095463005179293}
  m_PrefabAsset: {fileID: 0}
--- !u!1 &4538095463005338323 stripped
GameObject:
  m_CorrespondingSourceObject: {fileID: 194382, guid: 5e488cfd825ce044395037d93a9d8eb6, type: 3}
  m_PrefabInstance: {fileID: 4538095463005179293}
  m_PrefabAsset: {fileID: 0}
--- !u!1 &4538095463005348577 stripped
GameObject:
  m_CorrespondingSourceObject: {fileID: 175996, guid: 5e488cfd825ce044395037d93a9d8eb6, type: 3}
  m_PrefabInstance: {fileID: 4538095463005179293}
  m_PrefabAsset: {fileID: 0}
--- !u!1 &4538095463005375955 stripped
GameObject:
  m_CorrespondingSourceObject: {fileID: 196686, guid: 5e488cfd825ce044395037d93a9d8eb6, type: 3}
  m_PrefabInstance: {fileID: 4538095463005179293}
  m_PrefabAsset: {fileID: 0}
